AoeStats
← 神风咕噜噜

Oasis

508899222Analyzed
4v4 RM · 9d ago on Sep 24, 2026· 50m 3s· 8 players
Game mode
Random Map
Map size
Large (8 player)
Population
200
Speed
Normal
Resources
Standard
Victory
Conquest
Starting age
Dark Age
Ending age
Imperial Age
RankedLock teamsTeams togetherTeam positionsShared explorationLock speedFull tech treeHidden civsTurbo modeCheats
Victory
Defeat
🇹🇷 Danes · Türkiye
848
+12
🇨🇳 Shu · China
832
+13
🇮🇳 Persians · India
658
+20
🇵🇪 Franks · Peru
641
+21
🇫🇷 Malians · France
813
-19
🇬🇧 Portuguese · United Kingdom
746
-16
🇧🇬 Lithuanians · Bulgaria
736
-16
🇦🇹 Teutons · Austria
722
-15
Brido1970
10:54 Feudal Age
13:51 Loom
14:01 Man-at-Arms
18:09 Castle Age
16:53 Double-Bit Axe
16:50 Horse Collar
22:59 Stone Mining
25:12 Forging
26:40 Fletching
30:10 Bodkin Arrow
31:44 Gold Mining
35:20 Bow Saw
35:15 Heavy Plow
37:49 Fortified Wall
43:32 Imperial Age
42:36 Masonry
44:38 Capped Ram
46:53 Two-Man Saw
Vienna420
0:42 Loom
13:52 Feudal Age
14:04 Man-at-Arms
15:36 Wheelbarrow
15:53 Arson
25:52 Castle Age
IskoB
9:53 Feudal Age
10:10 Loom
15:54 Castle Age
16:19 Bloodlines
23:56 Husbandry
24:13 Double-Bit Axe
28:23 Scale Barding Armor
28:29 Forging
29:16 Horse Collar
30:03 Heavy Plow
31:24 Wheelbarrow
37:08 Imperial Age
34:59 Hand Cart
34:30 Town Watch
37:01 Iron Casting
36:47 Chain Barding Armor
37:09 Cavalier
39:13 Crop Rotation
38:50 Gold Mining
38:50 Stone Mining
38:58 Paladin
41:17 Plate Barding Armor
45:46 Conscription
48:23 Stone Shaft Mining
abou
0:28 Loom
12:51 Feudal Age
14:04 Double-Bit Axe
21:39 Castle Age
21:31 Scale Barding Armor
21:37 Forging
22:14 Gold Mining
22:14 Stone Mining
23:02 Horse Collar
23:14 Town Watch
27:53 Fortified Wall
28:01 Treadmill Crane
31:23 Imperial Age
30:21 Tigui
30:25 Murder Holes
30:30 Arson
30:49 Arson
31:56 Man-at-Arms
32:37 Squires
33:22 Iron Casting
34:10 Scale Mail Armor
34:27 Fletching
36:24 Ballistics
39:12 Masonry
40:01 Conscription
41:48 Architecture
44:21 Light Cavalry
47:22 Bloodlines
leonedu
6:20 Loom
15:03 Feudal Age
15:39 Double-Bit Axe
15:47 Gold Mining
15:52 Stone Mining
19:15 Castle Age
18:00 Scale Barding Armor
19:15 Forging
22:34 Bow Saw
22:53 Caravan
24:28 Wheelbarrow
24:32 Town Watch
26:50 Fletching
28:29 Hand Cart
29:20 Bodkin Arrow
31:09 Chain Barding Armor
33:45 Iron Casting
33:18 Husbandry
33:44 Masonry
33:31 Murder Holes
33:58 Ballistics
33:20 Treadmill Crane
34:07 Town Patrol
38:10 Imperial Age
37:56 Gold Shaft Mining
39:19 Coinage
38:28 Pikeman
39:32 Chivalry
40:10 Hoardings
39:17 Cavalier
41:10 Plate Barding Armor
41:15 Conscription
42:25 Paladin
44:07 Blast Furnace
44:29 Fervor
Incognito3597
9:56 Feudal Age
11:30 Wheelbarrow
10:49 Double-Bit Axe
13:10 Loom
18:02 Gold Mining
20:24 Castle Age
23:19 Bow Saw
24:04 Horse Collar
25:11 Hand Cart
24:43 Pikeman
25:23 Squires
27:39 Heavy Plow
31:32 Imperial Age
31:38 Capped Ram
33:30 Block Printing
33:11 Herbal Medicine
33:52 Theocracy
33:28 Fervor
35:50 Kamandaran
38:17 Conscription
38:09 Citadels
38:36 Hoardings
40:30 Thumb Ring
39:45 Crossbowman
40:02 Elite War Elephant
40:57 Fletching
41:18 Forging
41:08 Scale Mail Armor
41:09 Padded Archer Armor
41:15 Scale Barding Armor
40:36 Elite Skirmisher
42:38 Chemistry
43:06 Two-Man Saw
42:41 Murder Holes
42:58 Masonry
42:55 Murder Holes
43:21 Ballistics
43:13 Masonry
43:50 Halberdier
47:24 Crop Rotation
48:37 Gold Shaft Mining
47:52 Stone Mining
48:03 Town Watch
50:31 Bodkin Arrow
50:52 Leather Archer Armor
50:57 Chain Barding Armor
50:52 Chain Mail Armor
51:13 Iron Casting
神风咕噜噜
2:08 Loom
12:13 Feudal Age
15:40 Fletching
16:49 Padded Archer Armor
18:24 Wheelbarrow
20:59 Gold Mining
21:32 Double-Bit Axe
27:07 Castle Age
26:11 Stone Mining
27:08 Crossbowman
27:45 Bodkin Arrow
27:57 Thumb Ring
28:12 Bow Saw
28:38 Pikeman
29:18 Squires
30:23 Ballistics
30:22 Horse Collar
37:25 Imperial Age
35:37 Gold Shaft Mining
36:30 Leather Archer Armor
38:13 Bolt Magazine
37:39 Arbalester
38:22 Bracer
39:45 Chemistry
39:35 Capped Ram
42:43 Siege Engineers
43:09 Ring Archer Armor
44:58 Two-Man Saw
44:48 Hand Cart
44:46 Forging
44:47 Heavy Plow
45:57 Scale Mail Armor
46:21 Conscription
45:54 Siege Ram
48:38 Fortified Wall
BalabanPasa
5:40 Loom
10:02 Feudal Age
16:47 Castle Age
14:46 Horse Collar
16:52 Double-Bit Axe
17:37 Heavy Plow
25:22 Wheelbarrow
24:47 Stone Mining
24:47 Gold Mining
26:20 Hand Cart
27:36 Squires
29:49 Gold Shaft Mining
29:33 Forging
29:24 Scale Mail Armor
30:35 Arson
30:39 Gambesons
34:38 Imperial Age
34:01 Thumb Ring
34:54 Heavy Mounted Crossbowman
40:20 Stone Shaft Mining
40:29 Fletching
40:39 Padded Archer Armor
41:08 Cranequins
43:28 Bodkin Arrow
43:48 Leather Archer Armor
44:41 Bracer
45:26 Iron Casting
46:08 Ring Archer Armor
45:46 Onager
48:17 Ballistics
48:58 Chemistry
48:04 Siege Engineers
47:55 Murder Holes
47:26 Northmen's Fury
50:14 Conscription
Connection lost

Rejoining the realm…

Still unreachable

The connection could not be restored.

Session expired

The server has moved on; the page needs a fresh start.